 Dungeon Crawl Stone Soup version 0.19.5 (webtiles) character file.

738 djnw the Caller (level 7, 0/46 HPs)
             Began as a Mummy Summoner on Mar 24, 2017.
             Was an Initiate of Sif Muna.
             Shot with an arrow by a centaur (6 damage)
             ... on level 6 of the Dungeon.
             The game lasted 00:18:18 (6571 turns).

djnw the Caller (Mummy Summoner)                    Turns: 6571, Time: 00:18:19

Health: 0/46       AC:  4    Str: 11    XL:     7   Next: 46%
Magic:  5/13       EV: 12    Int: 21    God:    Sif Muna [......]
Gold:   145        SH:  0    Dex: 12    Spells: 4 memorised, 5 levels left

rFire  x . .     SeeInvis .     f - +4 short sword
rCold  + . .     Gourm    .     a - +0 robe
rNeg   + + +     Faith    .     (no shield)
rPois  ∞         Spirit   .     (no helmet)
rElec  .         Reflect  .     i - +1 cloak
rCorr  .         Harm     .     (no gloves)
MR     .....                    (no boots)
Stlth  ++........               h - amulet of magic regeneration
                                (no ring)
                                d - +4 ring of intelligence

@: no status effects
A: no food or potions, fire vulnerability, cold resistance 1, negative energy
resistance 3, torment resistance, unbreathing
a: Renounce Religion


You were on level 6 of the Dungeon.
You worshipped Sif Muna.
Sif Muna was noncommittal.
You were not hungry.

You visited 2 branches of the dungeon, and saw 7 of its levels.

You collected 145 gold pieces.

Inventory:

Hand Weapons
 f - a +4 short sword (weapon)
Armour
 a - a +0 robe (worn)
 i - a +1 cloak (worn)
Jewellery
 d - a +4 ring of intelligence (left hand)
 h - an amulet of magic regeneration (around neck)
 m - a cursed ring of resist corrosion {unknown}
Wands
 k - a wand of digging (8/24)
 l - a wand of polymorph (13/24)
 n - a wand of paralysis (10/24)
Scrolls
 c - a scroll of teleportation
 e - a scroll of blinking
 g - 2 scrolls of identify
 j - a scroll of amnesia
Books
 b - a book of Callings

   Spells                             Type                      Level
   a - Summon Small Mammal            Summoning                    1
   b - Call Imp                       Summoning                    2
   c - Call Canine Familiar           Summoning                    3
   d - Summon Guardian Golem          Hexes/Summoning              3
   e - Summon Lightning Spire         Summoning/Air                4
   f - Summon Ice Beast               Ice/Summoning                4


   Skills:
 - Level 1.5 Dodging
 - Level 1.5 Stealth
 + Level 4.5 Spellcasting
 * Level 5.4 Summonings
 * Level 3.4 Ice Magic


You had 5 spell levels left.
You knew the following spells:

 Your Spells              Type           Power        Failure   Level  Hunger
a - Summon Small Mammal   Summ           ####         1%          1    N/A
b - Call Imp              Summ           ####....     1%          2    N/A
c - Call Canine Familiar  Summ           ####....     3%          3    N/A
d - Summon Ice Beast      Ice/Summ       ###.....     21%         4    N/A

Dungeon Overview and Level Annotations

Branches:
Dungeon (6/15)             Temple (1/1) D:5

Altars:
Ashenzari
Dithmenos
Fedhas
Hepliaklqana
Kikubaaqudgha
Makhleb
Nemelex Xobeh
Qazlal
Ru
Sif Muna
Trog
Yredelemnul
Zin
The Shining One

Shops:
D:5 (


Innate Abilities, Weirdness & Mutations

You do not eat or drink.
Your flesh is vulnerable to fire.
You are immune to poison.
Your flesh is cold resistant. (rC+)
You are immune to negative energy. (rN+++)
You are immune to unholy pain and torment.
You can survive without breathing.


Message History

Your crimson imp hits the centaur but does no damage.
Unknown command.
Casting: Call Imp
Confirm with . or Enter, or press ? or * to list all spells.
A beastly little devil appears in a puff of flame.
The centaur shoots an arrow.
The arrow hits your hound!
Your hound barely misses the centaur.
Your crimson imp hits the centaur.
Unknown command.
Casting: Call Imp
Confirm with . or Enter, or press ? or * to list all spells.
A beastly little devil appears in a puff of flame.
The centaur unwields an uncursed shortbow.
The centaur closely misses your hound.
Your hound barely misses the centaur.
The centaur wields an uncursed shortbow.
The centaur shoots an arrow.
The arrow hits your hound!
Your hound dies!
Your hound's corpse disappears in a puff of smoke!
Your crimson imp hits the centaur.
The centaur shoots an arrow.
The arrow hits you.
You die...

.... ###.[.## .#
....####......# ## #
#........÷..## #..
#............###..
##............##...## #
#.....#(............# ##.
##....###..5.....#...###..
#....##..>5.5.#####......#
#........@(§c.# ##......#
...........#####.####....##.#
........#### ##...##....###..
#.......# #..÷.c....## #..
##......# #..##....## #..
#..###... #..# ##...# ##..
#.. ##.. #..# ##..# #... ##
.... ##.####... .....
#.......†


You could see a centaur and 3 friendly crimson imps.

Vanquished Creatures
  A black bear (D:6)
  A scorpion (D:5)
  A vampire bat (D:5)
  A hound (D:6)
  An orc priest (D:4)
  An orc wizard (D:4)
  A worker ant (D:4)
  3 adders
  A gnoll (D:3)
  An ooze (D:2)
  An adder zombie (D:5)
  3 worms
  A dart slug (D:1)
  4 leopard geckos
  8 bats
  A bat skeleton (D:5)
  5 bat zombies (D:5)
  7 giant cockroaches
  6 goblins
  5 hobgoblins
  6 jackals
  4 kobolds (D:1)
  3 quokkas
  A ball python (D:4)
  11 frilled lizards
  A giant cockroach zombie (D:5)
  A jackal skeleton (D:3)
  8 rats
88 creatures vanquished.

Vanquished Creatures (collateral kills)
  Menkaure (D:5)
  An ogre (D:4)
  A scorpion (D:4)
  A crimson imp (D:5)
  3 hounds
  3 orc wizards (D:4)
  2 iguanas (D:4)
  2 worker ants
  6 adders
  2 gnolls (D:3)
  2 worms
  A dart slug (D:3)
  4 orcs (D:4)
  2 bats (D:2)
  A bat zombie (D:5)
  A giant cockroach (D:1)
  5 goblins
  A hobgoblin (D:1)
  4 jackals
  A frilled lizard (D:2)
  2 kobolds
  A quokka skeleton (D:4)
  4 rats
  A spectral orc (D:5)
52 creatures vanquished.

Grand Total: 140 creatures vanquished

Notes
Turn   | Place    | Note
-------+----------+-------------------------------------------
     0 | D:1      | djnw the Mummy Summoner began the quest for the Orb.
     0 | D:1      | Reached XP level 1. HP: 13/13 MP: 3/3
   193 | D:1      | Reached XP level 2. HP: 18/19 MP: 5/5
   197 | D:1      | Learned a level 2 spell: Call Imp
  1202 | D:1      | Reached XP level 3. HP: 24/24 MP: 7/7
  1207 | D:1      | Learned a level 3 spell: Call Canine Familiar
  1859 | D:2      | Reached skill level 4 in Summonings
  1965 | D:2      | Reached XP level 4. HP: 26/30 MP: 3/8
  1989 | D:2      | Found a stormy altar of Qazlal.
  1992 | D:2      | Found a sparkling altar of Nemelex Xobeh.
  2805 | D:3      | Found a faded altar of an unknown god.
  2867 | D:3      | Found a glowing silver altar of Zin.
  2867 | D:3      | Noticed an angel
  3148 | D:4      | Found a shadowy altar of Dithmenos.
  3518 | D:4      | Reached XP level 5. HP: 35/35 MP: 7/10
  3524 | D:4      | Learned a level 4 spell: Summon Ice Beast
  3748 | D:4      | Reached skill level 1 in Ice Magic
  4238 | D:4      | Reached XP level 6. HP: 39/41 MP: 4/11
  4715 | D:4      | Found a sacrificial altar of Ru.
  4961 | D:4      | Reached skill level 5 in Summonings
  5082 | D:5      | Entered Level 5 of the Dungeon
  5215 | D:5      | Found Lamoas's Weapon Shoppe.
  5273 | D:5      | Found a sand-covered staircase.
  5295 | D:5      | Found a staircase to the Ecumenical Temple.
  5328 | Temple   | Entered the Ecumenical Temple
  5360 | Temple   | Became a worshipper of Sif Muna the Loreminder
  5469 | D:5      | Noticed Menkaure
  5482 | D:5      | Killed Menkaure
  5553 | D:5      | Found an ancient bone altar of Kikubaaqudgha.
  5559 | D:5      | Reached XP level 7. HP: 44/46 MP: 13/13
  5621 | D:5      | Found a basalt altar of Yredelemnul.
  6322 | D:6      | Found a hazy altar of Hepliaklqana.
  6571 | D:6      | Shot with an arrow by a centaur

Skill      XL: |  1  2  3  4  5  6  7 |
---------------+----------------------+-----
Spellcasting   | 3 4 |  4.5
Summonings     | 4 5 |  5.4
Ice Magic      | 1 2 3 |  3.4
Dodging        | |  1.5
Stealth        | |  1.5

Action                   |  1- 3 |  4- 6 |  7- 9 || total
-------------------------+-------+-------+-------++-------
Melee: Club              |    14 |       |       ||    14
       Spear             |     8 |       |       ||     8
       Unarmed           |     2 |       |       ||     2
       Short sword       |    82 |   145 |    30 ||   257
 Cast: Summon Small Mamm |     9 |       |       ||     9
       Call Imp          |     4 |    36 |    11 ||    51
       Call Canine Famil |     4 |    17 |     9 ||    30
  Use: Scroll            |     5 |     6 |     2 ||    13
 Stab: Sleeping          |     3 |     2 |     1 ||     6
       Distracted        |     1 |     3 |     1 ||     5
Armor: Robe              |    13 |    38 |    19 ||    70
Dodge: Dodged            |    83 |   112 |    36 ||   231
